[gd_scene load_steps=12 format=3 uid="uid://btt3wu01b7ndc"]

[ext_resource type="Script" path="res://Main.gd" id="1_7tumy"]
[ext_resource type="PackedScene" uid="uid://di0w7hksjgcrh" path="res://Player.tscn" id="1_ewa6i"]
[ext_resource type="PackedScene" uid="uid://cwpnu4tga2d8u" path="res://Mob.tscn" id="2_v5cqv"]
[ext_resource type="Script" path="res://ScoreLabel.gd" id="4_g31d4"]

[sub_resource type="BoxShape3D" id="BoxShape3D_mnpmw"]
size = Vector3(60, 2, 60)

[sub_resource type="BoxMesh" id="BoxMesh_won7m"]
size = Vector3(60, 2, 60)

[sub_resource type="StandardMaterial3D" id="StandardMaterial3D_lof3h"]
albedo_color = Color(0, 0.572549, 0.458824, 1)

[sub_resource type="CylinderMesh" id="CylinderMesh_yy6db"]
material = SubResource("StandardMaterial3D_lof3h")

[sub_resource type="Curve3D" id="Curve3D_r5t5m"]
_data = {
"points": PackedVector3Array(0, 0, 0, 0, 0, 0, -14.9688, 0, -7.72588, 0, 0, 0, 0, 0, 0, -14.8572, 0, 10.0183, 0, 0, 0, 0, 0, 0, 15.0512, 0, 10.0183, 0, 0, 0, 0, 0, 0, 15.1628, 0, -8.06068, 0, 0, 0, 0, 0, 0, -14.9688, 0, -7.72588),
"tilts": PackedFloat32Array(0, 0, 0, 0, 0)
}
point_count = 5

[sub_resource type="SystemFont" id="SystemFont_odgdf"]

[sub_resource type="Theme" id="Theme_dgmig"]
default_font = SubResource("SystemFont_odgdf")
default_font_size = 22

[node name="Main" type="Node"]
script = ExtResource("1_7tumy")
mob_scene = ExtResource("2_v5cqv")

[node name="Ground" type="StaticBody3D" parent="."]
transform = Transform3D(1, 0, 0, 0, 1, 0, 0, 0, 1, 0, -2, 0)
collision_layer = 4
collision_mask = 0

[node name="CollisionShape3D" type="CollisionShape3D" parent="Ground"]
shape = SubResource("BoxShape3D_mnpmw")

[node name="MeshInstance3D" type="MeshInstance3D" parent="Ground"]
mesh = SubResource("BoxMesh_won7m")

[node name="DirectionalLight3D" type="DirectionalLight3D" parent="."]
transform = Transform3D(1, 0, 0, 0, -4.37114e-08, 1, 0, -1, -4.37114e-08, 0, 19.0694, 0)
shadow_enabled = true

[node name="Player" parent="." instance=ExtResource("1_ewa6i")]
transform = Transform3D(0.5, 0, 0, 0, 0.5, 0, 0, 0, 0.5, 0, 0, 0)

[node name="CameraPivot" type="Marker3D" parent="."]
transform = Transform3D(1, 0, 0, 0, 0.707107, 0.707107, 0, -0.707107, 0.707107, 0, 0, 0)

[node name="Camera3D" type="Camera3D" parent="CameraPivot"]
transform = Transform3D(1, 0, 0, 0, 1, 0, 0, 0, 1, 0, 0, 19)
projection = 1
size = 19.0

[node name="Cylinders" type="Node3D" parent="."]

[node name="MeshInstance3D" type="MeshInstance3D" parent="Cylinders"]
transform = Transform3D(1, 0, 0, 0, 1, 0, 0, 0, 1, -15, 0, -8)
mesh = SubResource("CylinderMesh_yy6db")

[node name="MeshInstance3D2" type="MeshInstance3D" parent="Cylinders"]
transform = Transform3D(1, 0, 0, 0, 1, 0, 0, 0, 1, -15, 0, 10)
mesh = SubResource("CylinderMesh_yy6db")

[node name="MeshInstance3D3" type="MeshInstance3D" parent="Cylinders"]
transform = Transform3D(1, 0, 0, 0, 1, 0, 0, 0, 1, 15, 0, 10)
mesh = SubResource("CylinderMesh_yy6db")

[node name="MeshInstance3D4" type="MeshInstance3D" parent="Cylinders"]
transform = Transform3D(1, 0, 0, 0, 1, 0, 0, 0, 1, 15, 0, -8)
mesh = SubResource("CylinderMesh_yy6db")

[node name="SpawnPath" type="Path3D" parent="."]
curve = SubResource("Curve3D_r5t5m")

[node name="SpawnLocation" type="PathFollow3D" parent="SpawnPath"]
transform = Transform3D(0.99998, 0, 0.00628926, 0, 1, 0, -0.00628926, 0, 0.99998, -14.9688, 0, -7.72588)

[node name="MobTimer" type="Timer" parent="."]
wait_time = 0.5
autostart = true

[node name="UserInterface" type="Control" parent="."]
layout_mode = 3
anchors_preset = 15
anchor_right = 1.0
anchor_bottom = 1.0
grow_horizontal = 2
grow_vertical = 2
theme = SubResource("Theme_dgmig")

[node name="ScoreLabel" type="Label" parent="UserInterface"]
layout_mode = 0
offset_left = 38.0
offset_top = 29.0
offset_right = 99.0
offset_bottom = 55.0
theme_override_colors/font_color = Color(0, 0, 0, 1)
text = "Score: 0"
script = ExtResource("4_g31d4")

[node name="Retry" type="ColorRect" parent="UserInterface"]
layout_mode = 1
anchors_preset = 15
anchor_right = 1.0
anchor_bottom = 1.0
grow_horizontal = 2
grow_vertical = 2
color = Color(0, 0, 0, 0.764706)

[node name="Label" type="Label" parent="UserInterface/Retry"]
layout_mode = 1
anchors_preset = 8
anchor_left = 0.5
anchor_top = 0.5
anchor_right = 0.5
anchor_bottom = 0.5
offset_left = -20.0
offset_top = -15.5
offset_right = 20.0
offset_bottom = 15.5
grow_horizontal = 2
grow_vertical = 2
text = "Press Enter to retry."

[connection signal="hit" from="Player" to="." method="_on_player_hit"]
[connection signal="timeout" from="MobTimer" to="." method="_on_mob_timer_timeout"]
